puck, lawful female human Valkyrie ------ ------------ |....| +..........| |....| |..........| ---------------- |....| |...........####................ |....| |..........| |..............| |.<..| ------|----- |..............| ----.- # |....h.........v########f@i # ### ---------------- C # ############` `########################)######### ## ######## # #----.- --|------- -)-------- `#|....| |........| |%.......| #-....| |.........#####-........| |.>.#| |........| # |........| ------ ---------- ####-........| ---------- puck the Fighter Experience level: 8 Strength: 17 Dexterity: 16 Constitution: 17 Intelligence: 7 Wisdom: 10 Charisma: 9 Health: 0(58) Energy: 20(20) Def: 19 Gold: 0 Moves: 7153 Dungeon seed: cZFdSzv0ZVPOAdQw Game ID: puck_1559502481 Your Inventory: Weapons b - an uncursed +0 dagger (weapon in hand) A - the blessed rustproof +1 Excalibur (alternate weapon; not wielded) N - an uncursed +0 orcish dagger (in quiver) O - a cursed +0 orcish dagger Armor e - an uncursed +3 small shield (being worn) n - an uncursed +1 banded mail (being worn) q - a blessed +2 pair of low boots (being worn) r - a blessed +1 pair of leather gloves (being worn) y - a cursed -1 pair of fumble boots z - an uncursed +0 leather cloak (being worn) Y - a blessed +1 orcish helm (being worn) Comestibles p - an uncursed tripe ration t - an uncursed sprig of wolfsbane Rings E - an uncursed +2 ring of carrying Wands w - an uncursed wand of digging (0:6) G - an uncursed wand of secret door detection (0:12) Q - an uncursed wand of make invisible (0:6) X - an uncursed wand of undead turning (0:4) Tools a - an uncursed bag of holding o - an uncursed skeleton key T - an uncursed tin whistle Contents of the bag of holding: 2612 gold pieces a blessed +0 mummy wrapping 7 uncursed food rations 2 uncursed lembas wafers an uncursed potion of blindness an uncursed potion of object detection a cursed potion of object detection 2 uncursed scrolls of earth an uncursed scroll of identify a cursed scroll of identify an uncursed +1 ring of gain strength a cursed -1 ring of gain strength a cursed ring of protection from shape changers an uncursed mirror an uncursed oil lamp (0:1250) an uncursed +0 pick-axe an uncursed tin opener Spells and supernatural/magical abilities: Name Level Category Cost Memory j - jumping 1 escape 1000pw 90% W - pray for help -- divine ? -- Your skills at the end: Fighting Skills wands [Basic] Weapon Skills dagger [Skilled] long sword [Expert] Spellcasting Skills Final Attributes: You were piously aligned. You were immune to cold. You were poison resistant. You were stealthy. You were slow. You were unlucky. You last prayed 5716 turns ago. Tyr was noncommittal. You are dead. Vanquished creatures: a giant mimic a small mimic an elf mummy a quivering blob 3 leprechauns an iron piercer a giant spider a lizard a dingo a raven 2 plains centaurs 2 gnome mummies a snake a human zombie a rope golem 3 soldier ants 4 mountain nymphs 7 Uruk-hai a rock mole 2 ponies a fog cloud a yellow light a violet fungus 2 gnome lords 2 kobold mummies a red naga hatchling a gray ooze a straw golem a baby crocodile a giant ant a little dog a floating eye 6 kittens a dwarf a homunculus 13 hill orcs a rabid rat a centipede 6 giant bats an orc zombie a wererat a werejackal 3 iguanas 2 acid blobs 5 coyotes 2 manes a hobgoblin 7 giant rats 2 cave spiders 2 brown molds 2 garter snakes 2 geckos 7 jackals 2 foxes a kobold 2 goblins 5 sewer rats 11 grid bugs 3 bats 6 lichens a kobold zombie 8 newts 156 creatures vanquished. Voluntary challenges: You used a wielded weapon 390 times, starting on turn 128. You read items or engraved 6 times, starting on turn 859. You never genocided any monsters. You never polymorphed an object. You changed form 1 time, starting on turn 1434. You used no wishes. You never split a pudding. You never wrote Elbereth's name. You never violated your personal moral code. Dungeon overview: The Dungeons of Doom: levels 1 to 8 Level 1 a fountain a long staircase Level 2 a fountain Level 3 an armor shop Level 4 a fountain Level 5 an altar to Tyr Level 6 <- You were here a sink Level 7 some fountains Level 8 stairs to Sokoban Sokoban: levels 4 to 7 Level 4 Solved Level 5 Solved Level 6 Solved Level 7 Solved stairs to The Dungeons of Doom History has recorded: On T:1 you entered the Dungeons of Doom to retrieve the Amulet of Yendor! On T:125 you reached level 2 of The Dungeons of Doom. On T:204 you reached level 3 of The Dungeons of Doom. On T:355 you advanced to experience level 2. On T:623 you advanced to experience level 3. On T:743 you reached level 4 of The Dungeons of Doom. On T:816 you reached level 5 of The Dungeons of Doom. On T:908 you advanced to experience level 4. On T:1078 you reached level 6 of The Dungeons of Doom. On T:1285 you reached level 7 of The Dungeons of Doom. On T:1322 you advanced to experience level 5. On T:2236 you advanced to experience level 6. On T:2385 you reached level 8 of The Dungeons of Doom. On T:2575 you reached level 4 of Sokoban. On T:4026 you advanced to experience level 7. On T:4235 you reached level 3 of Sokoban. On T:4803 you reached level 2 of Sokoban. On T:5246 you reached level 1 of Sokoban. On T:6680 you advanced to experience level 8. Score breakdown: Gold: 2612 (11623 points) Experience: 8 levels (14739 points) Exploration: 8 levels ( 16.00%) (11338 points) Discoveries: 10 items ( 4.00%) ( 6000 points) Valuables value: (no points given unless you survive) Artifact value: 4000 (12253 points) Variety of kills: 62 monsters ( 16.32%) (12117 points) Turncount: 7153 turns (-1883 points) Survival: died (score multiplied by 80%) Total score: 52949 Latest messages: The jaguar hits! The jaguar just misses! The plains centaur zaps a wand of summoning! (2x) Nothing happens. [2 turns] You hit the plains centaur! The tengu misses. The jaguar misses. (2x) The jaguar bites! The plains centaur misses. The plains centaur just misses! The jaguar hits! (2x) The jaguar bites! The tengu bites! The jaguar misses. (2x) The jaguar bites! The plains centaur misses. The plains centaur kicks! The plains centaur misses. The plains centaur kicks! [2 turns] You begin praying to Tyr. The tengu misses. The jaguar hits! (2x) You die... Final status: Farvel puck the Valkyrie, killed by a jaguar, while praying... You died in The Dungeons of Doom on dungeon level 6 with 52949 points, and 2612 pieces of gold, after 7153 moves. You were level 8 with a maximum of 58 hit points when you died.